 Dungeon Crawl Stone Soup version 0.30-a0-279-g4b46babb21 (webtiles) character file.

Game seed: 17595562968085133258

720269 greasedhog the Minotaur Barricade (level 27, -1/245 HPs)
             Began as a Minotaur Fighter on Oct 16, 2022.
             Was the Champion of the Shining One.
             Killed by a guardian mummy's death curse (16 damage)
             ... on level 3 of the Tomb of the Ancients.
             The game lasted 02:22:58 (61795 turns).

greasedhog the Minotaur Barricade (MiFi)           Turns: 61795, Time: 02:22:59

Health: -1/245     AC: 45    Str: 20 (26) XL:     27
Magic:  10/28      EV: 17    Int:  3      God:    the Shining One [******]
Gold:   9928       SH: 50    Dex: 14      Spells: 26/26 levels left

rFire   + + .      SeeInvis +    b - +9 broad axe (holy)
rCold   + + +      Faith    .    q - +6 tower shield of Inevitability {+Blink}
rNeg    + + +      Spirit   .    U - +8 plate armour of Egalitarianism {rC+++ Regen+ Str-2 Dex-3}
rPois   +          Reflect  +    d - +2 hat of the Arena {Fly rC+ SInv}
rElec   +          Harm     .    s - +2 cloak of the Slorg {rPois rC++ Str-2 SInv}
rCorr   +          Rampage  ∞    T - +2 pair of gloves "Weclarir" {Contam rF++ rCorr Dex+2}
Will    +++++      Clarity  +    y - +3 pair of seven-league boots {Rampage+∞}
Stlth   ..........               w - amulet of reflection
HPRegen 1.40/turn                Z - ring "Xuepn" {+Blink rElec rN+ Will++ Dex+2}
MPRegen 0.21/turn                B - +4 ring of slaying

@: divinely shielded, flying, slowed, glowing, studying 3 skills, very slow
A: horns 2, retaliatory headbutt, clarity, dopey 2, frail 1, low MP 2,
strong-willed 1, subdued magic 1
}: 4/15 runes: barnacled, slimy, silver, gossamer
a: Renounce Religion, Evoke Blink, Divine Shield, Cleansing Flame, Summon Divine
Warrior


You were on level 3 of the Tomb of the Ancients.
You worshipped the Shining One.
The Shining One was exalted by your worship.
You visited 13 branches of the dungeon, and saw 58 of its levels.
You also visited: Ossuary, Bailey and Gauntlet.

You collected 14176 gold pieces.
You spent 4248 gold pieces at shops.

Inventory:

Hand Weapons
 a - the +8 broad axe of Big Damage {elec, rF+ Int+3 Dex+3}
   (You found it on level 3 of the Elven Halls)

   It occasionally discharges a powerful burst of electricity upon striking a
   foe.
   Int:       It affects your intelligence (+3).
   Dex:       It affects your dexterity (+3).
   rF:        It protects you from fire.
 b - a +9 broad axe of holy wrath (weapon)
 c - a +0 hand crossbow
 H - a +4 antimagic hand axe
Missiles
 l - 7 curare-tipped darts (quivered)
 x - 4 throwing nets
Armour
 d - the +2 hat of the Arena (worn) {Fly rC+ SInv}
   (Okawaru gifted it to you on level 4 of the Shoals)

   rC:        It protects you from cold.
   SInv:      It lets you see invisible.
   Fly:       It grants you flight.
 q - the +6 tower shield of Inevitability (worn) {+Blink}
   (Okawaru gifted it to you on level 4 of the Spider Nest)

   +Blink:    It lets you blink.
 s - the +2 cloak of the Slorg (worn) {rPois rC++ Str-2 SInv}
   (You found it on level 2 of the Spider Nest)

   Str:       It affects your strength (-2).
   rC:        It greatly protects you from cold.
   rPois:     It protects you from poison.
   SInv:      It lets you see invisible.
 y - the +3 pair of seven-league boots (worn) {Rampage+∞}
   (You found it on level 5 of the Vaults)

   Its wearer moves as far as possible in that direction when moving towards
   enemies.
 T - the +2 pair of gloves "Weclarir" (worn) {Contam rF++ rCorr Dex+2}
   (You found it in a Gauntlet)

   Dex:       It affects your dexterity (+2).
   rF:        It greatly protects you from fire.
   Contam:    It causes magical contamination when unequipped.
   rCorr:     It protects you from acid and corrosion.
 U - the +8 plate armour of Egalitarianism (worn) {rC+++ Regen+ Str-2 Dex-3}
   (You bought it in a shop on level 1 of the Shoals)

   Str:       It affects your strength (-2).
   Dex:       It affects your dexterity (-3).
   rC:        It renders you almost immune to cold.
   Regen:     It increases your rate of health regeneration.
Jewellery
 m - the necklace of Bloodlust {*Rage Will++ Int-3 Slay+6}
   (You found it on level 1 of the Depths)

   [amulet of nothing]

   It extends the wearer's berserk rage when killing foes.
   Int:       It affects your intelligence (-3).
   Slay:      It affects your accuracy & damage with ranged weapons and melee
   (+6).
   *Rage:     It berserks you when you make melee attacks (+50% chance).
   Will:      It greatly increases your willpower.
 w - an amulet of reflection (around neck)
 B - a +4 ring of slaying (right hand)
 L - a ring of flight
 Y - a ring of see invisible
 Z - the ring "Xuepn" (left hand) {+Blink rElec rN+ Will++ Dex+2}
   (You found it on level 1 of the Depths)

   [ring of positive energy]

   Dex:       It affects your dexterity (+2).
   rElec:     It insulates you from electricity.
   rN:        It protects you from negative energy.
   +Blink:    It lets you blink.
   Will:      It greatly increases your willpower.
Wands
 p - a wand of digging (7)
 v - a wand of polymorph (24)
 I - a wand of iceblast (47)
 K - a wand of charming (2)
 P - a wand of flame (83)
 Q - a wand of quicksilver (17)
 W - a wand of mindburst (31)
Scrolls
 g - 12 scrolls of immolation
 h - 10 scrolls of poison
 j - 6 scrolls of blinking
 r - 7 scrolls of magic mapping
 t - 5 scrolls of fog
 u - 15 scrolls of enchant armour
 A - 3 scrolls of summoning
 C - 26 scrolls of teleportation
 D - 12 scrolls of fear
 M - 13 scrolls of amnesia
 X - 5 scrolls of enchant weapon
Potions
 e - 11 potions of attraction
 f - 7 potions of lignification
 i - 15 potions of curing
 k - 11 potions of mutation
 n - 3 potions of heal wounds
 o - 5 potions of resistance
 z - 9 potions of might
 E - 14 potions of haste
 F - 10 potions of brilliance
 G - 4 potions of cancellation
 J - 11 potions of ambrosia
 N - 4 potions of berserk rage
 O - 5 potions of invisibility
 S - 9 potions of magic


   Skills:
 O Level 27 Fighting
 - Level 18.0 Axes
 - Level 8.2 Ranged Weapons
 O Level 27 Armour
 * Level 25.4 Dodging
 O Level 27 Shields
 * Level 20.5 Invocations
 * Level 13.5 Evocations


You had 26 spell levels left.
You didn't know any spells.
Your spell library contained the following spells:

 Spells                   Type           Power      Damage    Failure   Level
 Apportation              Tloc           0%         N/A       93%         1
 Beastly Appendage        Tmut           0%         N/A       93%         1
 Foxfire                  Conj/Fire      0%         2x1d4     93%         1
 Freeze                   Ice            0%         1d3       93%         1
 Kiss of Death            Conj/Necr      0%         2d5       93%         1
 Magic Dart               Conj           0%         1d3       93%         1
 Necrotise                Necr           0%         1d4       93%         1
 Shock                    Conj/Air       0%         1d3       93%         1
 Slow                     Hex            0%         N/A       93%         1
 Sting                    Tmut/Pois      0%         1d3       93%         1
 Summon Small Mammal      Summ           0%         N/A       93%         1
 Cigotuvi's Dreadful Rot  Necr/Pois/Air  0%         N/A       98%         2
 Ensorcelled Hibernation  Hex/Ice        0%         N/A       98%         2
 Momentum Strike          Conj/Tloc      0%         3d8       98%         2
 Passwall                 Tmut/Erth      0%         N/A       98%         2
 Scorch                   Fire           0%         2d5       98%         2
 Searing Ray              Conj           0%         2d4       98%         2
 Static Discharge         Conj/Air       0%         2-2/arc   98%         2
 Sublimation of Blood     Necr           0%         N/A       98%         2
 Wereblood                Tmut           0%         N/A       98%         2
 Call Canine Familiar     Summ           0%         N/A       100%        3
 Confusing Touch          Hex            0%         N/A       100%        3
 Dazzling Flash           Conj/Hex       0%         N/A       100%        3
 Frozen Ramparts          Ice            0%         1d1       100%        3
 Gell's Gravitas          Tloc           0%         N/A       100%        3
 Hailstorm                Conj/Ice       0%         3d3       100%        3
 Ignite Poison            Fire/Tmut/Pois 0%         N/A       100%        3
 Lesser Beckoning         Tloc           0%         N/A       100%        3
 Mephitic Cloud           Conj/Pois/Air  0%         N/A       100%        3
 Ozocubu's Armour         Ice            0%         N/A       100%        3
 Portal Projectile        Hex/Tloc       0%         N/A       100%        3
 Spider Form              Tmut/Pois      0%         N/A       100%        3
 Summon Guardian Golem    Hex/Summ       0%         N/A       100%        3
 Swiftness                Air            0%         N/A       100%        3
 Teleport Other           Tloc           0%         N/A       100%        3
 Tukima's Dance           Hex            0%         N/A       100%        3
 Vampiric Draining        Necr           0%         2d6       100%        3
 Vhi's Electric Charge    Tloc/Air       0%         N/A       100%        3
 Airstrike                Air            0%         2d(0-16)  100%        4
 Anguish                  Hex/Necr       0%         N/A       100%        4
 Animate Dead             Necr           0%         N/A       100%        4
 Dispel Undead            Necr           0%         3d6       100%        4
 Flame Wave               Conj/Fire      0%         2d4       100%        4
 Fulminant Prism          Conj/Hex       0%         3d6       100%        4
 Iskenderun's Mystic Bla  Conj/Tloc      0%         2d3       100%        4
 Leda's Liquefaction      Hex/Erth       0%         N/A       100%        4
 Passage of Golubria      Tloc           0%         N/A       100%        4
 Petrify                  Tmut/Erth      0%         N/A       100%        4
 Sticky Flame             Conj/Fire      0%         2d3       100%        4
 Summon Lightning Spire   Summ/Air       0%         N/A       100%        4
 Agony                    Necr           0%         N/A       100%        5
 Arcjolt                  Conj/Air       0%         1d10      100%        5
 Blade Hands              Tmut           0%         N/A       100%        5
 Borgnjor's Vile Clutch   Necr/Erth      0%         N/A       100%        5
 Fireball                 Conj/Fire      0%         3d3       100%        5
 Freezing Cloud           Conj/Ice/Air   0%         6-21      100%        5
 Irradiate                Conj/Tmut      0%         3d11      100%        5
 Iskenderun's Battlesphe  Conj           0%         2d6       100%        5
 Lee's Rapid Deconstruct  Erth           0%         3d5*      100%        5
 Lightning Bolt           Conj/Air       0%         1d11      100%        5
 Metabolic Englaciation   Hex/Ice        0%         N/A       100%        5
 Silence                  Hex/Air        0%         N/A       100%        5
 Summon Forest            Summ/Tloc      0%         N/A       100%        5
 Yara's Violent Unravell  Hex/Tmut       0%         3d3       100%        5
 Death Channel            Necr           0%         N/A       100%        6
 Dispersal                Tloc           0%         N/A       100%        6
 Eringya's Noxious Bog    Tmut/Pois      0%         N/A       100%        6
 Iron Shot                Conj/Erth      0%         9d1       100%        6
 Simulacrum               Ice/Necr       0%         N/A       100%        6
 Starburst                Conj/Fire      0%         6d3       100%        6
 Statue Form              Tmut/Erth      0%         N/A       100%        6
 Summon Cactus Giant      Summ           0%         N/A       100%        6
 Dragon Form              Tmut           0%         N/A       100%        7
 Enfeeble                 Hex            0%         N/A       100%        7
 Malign Gateway           Summ/Tloc      0%         N/A       100%        7
 Orb of Destruction       Conj           0%         9d5       100%        7
 Ozocubu's Refrigeration  Ice            0%         4d7       100%        7
 Spellforged Servitor     Conj/Summ      0%         N/A       100%        7
 Storm Form               Tmut/Air       0%         N/A       100%        7
 Summon Hydra             Summ           0%         N/A       100%        7
 Ignition                 Fire           0%         3d3       100%        8
 Maxwell's Capacitive Co  Air            0%         ∞         100%        8
 Chain Lightning          Conj/Air       0%         N/A       100%        9
 Death's Door             Necr           0%         N/A       100%        9
 Fire Storm               Conj/Fire      0%         5d1       100%        9
 Polar Vortex             Ice            0%         N/A       100%        9
 Shatter                  Erth           0%         3d5*      100%        9


Dungeon Overview and Level Annotations

Branches:
Dungeon (15/15)            Temple (1/1) D:4            Lair (5/5) D:11
 Shoals (4/4) Lair:3       Spider (4/4) Lair:3        Slime (5/5) Lair:5
    Orc (2/2) D:10            Elf (3/3) Orc:2        Vaults (5/5) D:13
  Crypt (3/3) Vaults:2       Tomb (3/3) Crypt:3      Depths (4/4) D:15
    Zot (4/5) Depths:4    Ossuary (visited)          Bailey (visited)
Gauntlet (visited)

Altars:
Ashenzari
Cheibriados
Dithmenos
Elyvilon
Fedhas
Gozag
Hepliaklqana
Kikubaaqudgha
Makhleb
Nemelex Xobeh
Okawaru
Qazlal
Ru
Sif Muna
Trog
Uskayaw
Vehumet
Wu Jian
Xom
Yredelemnul
Zin
The Shining One
Jiyva

Shops:
D:4 =   D:7 [   D:12 (*(!   Orc:2 :**(!==   Shoals:1 *   Depths:1 ([*
Depths:2 *   Depths:4 *

Portals:
Hell: Depths:1 Depths:2 Depths:3 Depths:4
Abyss: Zot:2 Depths:1 Depths:3
Pandemonium: Orc:2 Depths:1 Depths:2 Depths:3
Ziggurat: Depths:4

Annotations:
Zot:2 2 transporters, Paroid's ghost, veteran MeSu


Innate Abilities, Weirdness & Mutations

You have a pair of horns on your head.
You reflexively headbutt those who attack you in melee.
You possess an exceptional clarity of mind.
You are very dopey. (Int -4)
You are frail. (-10% HP)
Your magical capacity is very low. (-20% MP)
You are strong-willed. (Will+)
Your spells are a little easier to cast, but a little less powerful.


Message History

Your bennu completely resists.
Your bennu is almost dead.
The golden flame engulfs the royal mummy!
The royal mummy writhes in agony!
The royal mummy is almost destroyed.
You hear a faint skittering sound.
Your bennu pecks the royal mummy but does no damage.
Your bennu claws the royal mummy! x2
The royal mummy is destroyed!
The Shining One accepts your kill.
You feel extremely nervous for a moment...
Pain shoots through your body!
* * * LOW HITPOINT WARNING * * *
The emperor scorpion enters a dispersal trap!
The guardian mummy blinks!
Your bennu blinks! x2
The guardian mummy blinks!
The royal mummy blinks! x2
The guardian mummy blinks!
Your bennu blinks!
The guardian mummy blinks!
You blink.
The emperor scorpion blinks!
Your bennu pecks the guardian mummy but does no damage.
Your bennu closely misses the guardian mummy.
Your bennu claws the guardian mummy.
The royal mummy calls on the powers of darkness!
Your body is wracked with pain!
* * * LOW HITPOINT WARNING * * *
The royal mummy calls on the powers of darkness!
Your bennu convulses! x2
The emperor scorpion convulses!
Your body is wracked with pain!
* * * LOW HITPOINT WARNING * * *
You stride towards the royal mummy!
You hit the royal mummy.
The royal mummy convulses.
The royal mummy is lightly damaged.
Your bennu pecks the guardian mummy!!
Your bennu sears the guardian mummy!!
The guardian mummy is destroyed!
The Shining One accepts your kill.
The Shining One blesses your bennu with more time in this world.
You feel extremely nervous for a moment...
Pain shoots through your body!
You die...

.........MMM##........$#
#..MBM....M##<$.......$##
#.MMBM...##.........[$$#
#.BMWMM##....§.....$$$#
#Z.BM..##...§s..$$$$$$#
#BBB†MM#......$$$$$$=$#
#sBMsWM#§†§..$b§§$$M$$#
+s4M†)MM..^..$$M=b$$$##
#!.zz.§#...../@§$$$$##
#^..WMM#....$$$§§$$##
#...BBB##...$$$$?$##
#..}...##..$$[$$$##
#.....^###.$$$$$##
#......# ##$$$$##
######## ######


You could see a royal mummy (ally target), an emperor scorpion (summoned), 2
guardian mummies and 2 friendly bennus.

Vanquished Creatures
  the Royal Jelly (Arena)
  2 ancient liches
  2 dread liches (Vaults:5)
  An orb of fire (Zot:3)
  Mennas (Tomb:3)
  Mara (Depths:3)
  The ghost of Joggorr the Slayer, a veteran OgBe of Trog (Zot:1)
  2 juggernauts
  24 royal mummies
  Josephina (Zot:3)
  A curse toe (Zot:3)
  Parghit (Zot:4)
  Margery (Crypt:3)
  3 caustic shrikes
  14 golden dragons
  3 bone dragons
  2 doom hounds (Crypt:3)
  2 electric golems (Zot:3)
  A Hell Sentinel (Tomb:2)
  A walking earthen tome (Depths:1)
  11 tentacled monstrosities
  Grunn (Crypt:3)
  22 titans
  Rupert (D:14)
  12 liches
  7 deep elf blademasters
  3 quicksilver dragons
  9 deep elf master archers
  3 death cobs
  12 sphinxes
  4 ancient champions
  Polyphemus (Shoals:2)
  25 acid blobs
  7 shadow dragons
  Donald (Crypt:2)
  4 revenants
  8 tengu reavers
  8 azure jellies
  23 storm dragons
  13 rockslimes
  3 draconian monks
  26 fire giants
  25 frost giants
  A nagaraja (Depths:1)
  8 deep elf sorcerers
  2 iron dragons
  6 ghouls
  2 draconian knights
  A caustic shrike zombie (Tomb:3)
  22 vault wardens
  3 draconian scorchers
  3 emperor scorpions
  Louise (Spider:1)
  6 deep elf elementalists (Elf:3)
  5 ghost moths
  4 draconian shifters
  Aizul (Vaults:2)
  2 orc warlords
  A juggernaut skeleton (Tomb:1)
  7 draconian annihilators
  48 very ugly things
  4 reapers
  15 quicksilver oozes
  A caustic shrike skeleton (Crypt:3)
  A broodmother (Spider:3)
  7 draconian stormcallers
  4 spriggan defenders (Depths:3)
  6 war gargoyles
  39 stone giants
  15 ironbound preservers
  5 ironbound thunderhulks
  4 bennus (Tomb:1)
  7 vampire knights
  2 deep elf demonologists (Elf:3)
  7 green draconians
  2 putrid mouths (Crypt:3)
  9 black draconians
  10 white draconians
  A minotaur (Gauntlet)
  9 purple draconians
  The ghost of Siyfonof the Protected, a journeyman MiFi of Ashenzari (Orc:1)
  15 dire elephants
  16 red draconians
  9 yellow draconians
  12 spark wasps
  11 deep elf annihilators
  An eidolon (Crypt:1)
  13 ettins
  5 crystal guardians
  4 deep elf death magi
  A blizzard demon (Depths:1)
  8 merfolk javelineers
  10 fire dragons
  A green death (Depths:4)
  4 jiangshi (Crypt:2)
  6 merfolk impalers
  14 yaktaur captains
  12 great orbs of eyes
  9 entropy weavers
  5 deep elf high priests
  13 mummy priests
  2 rakshasas
  2 quicksilver dragon skeletons (Crypt:2)
  7 spriggan air magi
  The ghost of Qyacsuop the Corrupter of Planes, a journeyman DsAK of Lugonu (Lair:2)
  2 peacekeepers
  5 ice dragons
  39 vault guards
  3 death knights
  3 jorogumos
  A merfolk avatar (Shoals:3)
  3 ogre magi
  A jorogumo (shapeshifter) (Vaults:5)
  2 radroaches
  17 centaur warriors
  14 ironbound frosthearts
  4 alligator snapping turtles
  5 hydras
  3 catoblepae
  A hydra (shapeshifter) (Depths:4)
  7 merfolk aquamancers
  A demonspawn (Orc:2)
  A fenstrider witch skeleton (Crypt:3)
  6 two-headed ogres
  22 boulder beetles
  10 tengu warriors
  44 dancing weapons
  A satyr (Shoals:4)
  65 death scarabs
  8 deep troll shamans
  8 vampire magi
  6 death yaks
  16 deep troll earth magi
  An azure jelly zombie (Crypt:1)
  7 orc high priests
  A titan zombie (Crypt:3)
  3 soul eaters
  6 spriggan berserkers
  Nergalle (D:12)
  24 deep elf knights
  28 hell knights
  3 iron trolls
  A golden dragon zombie (Depths:1)
  2 sun demons (Depths:3)
  A sun moth (Spider:4)
  2 shadow wraiths
  8 sea snakes
  46 skeletal warriors
  A goliath frog (Depths:4)
  6 sixfirhies
  5 pharaoh ants
  A spark wasp zombie (Crypt:2)
  44 deep trolls
  2 flayed ghosts
  2 glowing orange brains
  A swamp dragon (Zot:3)
  A lindwurm (shapeshifter) (Vaults:5)
  11 steelbarb worms
  6 orb spiders
  10 wizards
  A bog body (Crypt:2)
  25 ironbound convokers
  44 deep elf pyromancers
  A steelbarb worm (shapeshifter) (D:14)
  8 lindwurms
  21 deep elf archers
  17 harpies
  3 bunyip skeletons
  An anaconda skeleton (Crypt:3)
  An iron dragon zombie (Crypt:3)
  A goliath frog zombie (Crypt:1)
  37 deep elf zephyrmancers
  16 wolf spiders
  8 orc knights
  10 orc sorcerers
  18 necromancers
  12 phantasmal warriors
  3 shining eyes
  A stone giant zombie (Tomb:3)
  5 fauns
  4 cyclopes
  8 manticores
  An oklob plant (Gauntlet)
  61 ugly things
  A salamander (shapeshifter) (D:14)
  12 moths of wrath
  2 rust devils (Depths:3)
  An eleionoma skeleton (Crypt:2)
  10 merfolk sirens
  3 stone giant skeletons
  An elephant (shapeshifter) (Vaults:5)
  7 black mambas
  3 centaur zombies (D:15)
  18 elephants
  2 water nymphs (shapeshifter)
  3 guardian serpents
  A guardian serpent (shapeshifter) (D:14)
  6 water nymphs
  2 smoke demons
  5 torpor snails
  24 vault sentinels
  18 cane toads
  5 kobold demonologists
  8 freezing wraiths
  A storm dragon simulacrum (Zot:3)
  5 unseen horrors
  3 naga skeletons
  16 demonic crawlers
  9 komodo dragons
  3 orange demons
  4 rime drakes
  4 spriggan zombies
  37 yaktaurs
  A hellwing (Orc:2)
  3 tormentors
  An ice devil (Depths:1)
  5 tengu conjurers
  2 efreet
  A green draconian skeleton (Crypt:2)
  4 trolls
  A golden dragon simulacrum (Zot:3)
  3 red devils
  29 guardian mummies
  2 harpy zombies (Tomb:2)
  A polar bear (Lair:3)
  16 merfolk
  10 wind drakes
  14 meliai
  A wind drake (shapeshifter) (D:14)
  19 tarantellas
  8 hornets
  3 snapping turtles
  116 slime creatures
  Grinder (D:6)
  A fire dragon zombie (Crypt:3)
  An ice dragon zombie (Crypt:3)
  2 harpy skeletons (Crypt:3)
  3 dream sheep (Shoals:3)
  A death drake skeleton (Crypt:2)
  An ettin zombie (Crypt:3)
  A raiju (shapeshifter) (Depths:3)
  A raiju (Gauntlet)
  A dream sheep (shapeshifter) (Vaults:5)
  9 fire dragon skeletons (Crypt:2)
  48 flying skulls
  A satyr skeleton (Crypt:1)
  2 culicivoras (shapeshifter)
  11 culicivoras
  28 water elementals
  4 spriggans
  7 air elementals
  35 jumping spiders
  A large abomination (Depths:4)
  A small abomination (Depths:4)
  A vampire (D:11)
  18 wyverns
  5 wraiths
  23 yaks
  3 shadows (Gauntlet)
  4 ushabtiu
  A ynoxinul (Depths:2)
  A black mamba skeleton (Crypt:1)
  3 basilisks
  3 golden eyes (Slime:4)
  55 redbacks
  A neqoxec (Orc:2)
  2 chaos spawn
  17 vampire mosquitoes
  2 fire elementals (Elf:2)
  5 steam dragons
  A naga zombie (Crypt:3)
  6 wargs
  2 moth of wrath simulacra (Zot:3)
  4 acid dragons
  17 water moccasins
  Duvessa (D:4)
  A two-headed ogre zombie (Crypt:2)
  2 floating eyes
  A floating eye (shapeshifter) (Vaults:2)
  A hornet zombie (D:15)
  A water nymph skeleton (Crypt:1)
  2 sky beasts
  39 orc warriors
  7 black bears
  7 ogres
  A boggart (D:14)
  4 centaurs
  2 torpor snail zombies
  2 phantoms
  A dream sheep skeleton (Crypt:1)
  The ghost of Lemondrips the Shooter, an amateur DEHs (D:3)
  6 kobold brigands
  A gnoll sergeant (D:9)
  4 necrophages
  9 bullfrogs
  6 earth elementals
  5 scorpions
  16 wights
  A water moccasin zombie (Ossuary)
  Dowan (D:4)
  A warg skeleton (Crypt:2)
  3 killer bees (D:9)
  A yak skeleton (Crypt:2)
  4 howler monkeys
  An electric eel (Lair:4)
  A crimson imp (D:10)
  28 orc priests
  4 hounds
  3 jellies
  4 gnoll boudas
  Crazy Yiuf (D:3)
  22 orc wizards
  6 iguanas
  8 hell rats
  A killer bee zombie (Crypt:1)
  A boggart simulacrum (D:15)
  47 mummies
  7 adders
  23 gnolls
  A swamp drake zombie (Crypt:1)
  A white imp (D:5)
  2 ufetubi
  12 adder zombies (Ossuary)
  2 worms
  3 dart slugs
  83 orcs
  5 endoplasms
  6 giant cockroaches
  7 gnoll zombies (Ossuary)
  12 hobgoblins
  11 jackals
  31 kobolds
  2 quokkas
  A river rat zombie (Crypt:2)
  6 ball pythons
  7 bats
  A frilled lizard (D:1)
  6 goblins
  3 hobgoblin zombies (Ossuary)
  3 kobold zombies (Ossuary)
  4 orc zombies (Ossuary)
  7 rats
2868 creatures vanquished.

Vanquished Creatures (collateral kills)
  13 royal mummies
  3 mummy priests
  12 death scarabs
  A skeletal warrior (Tomb:2)
  10 guardian mummies
  An ushabti (Tomb:2)
  2 mummies
42 creatures vanquished.

Vanquished Creatures (others)
  An eldritch tentacle (Tomb:3)
  A storm dragon (Zot:3)
  An ironbound preserver (Vaults:2)
  A green draconian (Zot:1)
  2 bennus (Tomb:3)
  A mummy priest (Tomb:2)
  2 deep elf zephyrmancers
  A merfolk siren (Shoals:3)
  A water nymph (Shoals:4)
  A guardian mummy (Tomb:3)
  2 mummies (Tomb:2)
  A kobold (D:12)
  21 fungi
  102 plants
  14 withered plants (Gauntlet)
152 creatures vanquished.

Grand Total: 3062 creatures vanquished

Notes
Turn   | Place    | Note
-------+----------+-------------------------------------------
     0 | D:1      | greasedhog the Minotaur Fighter began the quest for the
                  | Orb.
     0 | D:1      | Reached XP level 1. HP: 19/19 MP: 0/0
    76 | D:1      | Reached XP level 2. HP: 21/27 MP: 1/1
   296 | D:1      | Reached XP level 3. HP: 33/33 MP: 2/2
   734 | D:2      | Found a faded altar of an unknown god.
  1298 | D:2      | Reached XP level 4. HP: 41/41 MP: 3/3
  1637 | D:3      | Reached skill level 5 in Armour
  1670 | D:3      | Reached XP level 5. HP: 46/46 MP: 4/4
  1861 | D:3      | Found a runed translucent door.
  1862 | D:3      | Noticed Crazy Yiuf
  1867 | D:3      | Killed Crazy Yiuf
  1868 | D:3      | Reached skill level 5 in Fighting
  2001 | D:3      | Identified the +4 short sword "Nuupeqaupn" {freeze, Dex+2
                  | SInv}
  2003 | D:3      | Found a runed translucent door.
  2004 | D:3      | Noticed Lemondrips's ghost (amateur DEHs)
  2027 | D:3      | Killed Lemondrips's ghost
  2028 | D:3      | Reached skill level 1 in Dodging
  2028 | D:3      | Reached XP level 6. HP: 56/56 MP: 5/5
  2090 | D:4      | Reached skill level 5 in Shields
  2204 | D:4      | Identified the +1 pair of boots of Spite {Dex+5}
  2238 | D:4      | Found a staircase to the Ecumenical Temple.
  2253 | Temple   | Entered the Ecumenical Temple
  2364 | Temple   | Became a worshipper of Warmaster Okawaru
  2536 | D:4      | Reached skill level 5 in Axes
  2568 | D:4      | Reached XP level 7. HP: 47/63 MP: 6/6
  2639 | D:4      | Found Pemmicir's Jewellery Shop.
  2867 | D:4      | Noticed Duvessa
  2867 | D:4      | Noticed Dowan
  2875 | D:4      | Killed Duvessa
  2875 | D:4      | Reached * piety under Okawaru
  2878 | D:4      | Killed Dowan
  3079 | D:4      | Identified the +3 scale mail of Viosoc {-Cast rF+ rN+}
  3343 | D:5      | Entered Level 5 of the Dungeon
  3693 | D:4      | Bought the ring "Waqosy" {*Slow Fly rN+ SInv} for 300 gold
                  | pieces
  3854 | D:5      | Reached XP level 8. HP: 70/71 MP: 7/7
  4025 | D:5      | Noticed a +0 dagger
  4026 | D:5      | Found a hide-covered altar of Uskayaw.
  4026 | D:5      | Noticed a +0 dagger
  4462 | D:6      | Reached ** piety under Okawaru
  4743 | D:6      | Noticed Grinder
  4753 | D:6      | Killed Grinder
  5049 | D:6      | Reached XP level 9. HP: 79/82 MP: 8/8
  5369 | D:7      | Found Vischinis's Antique Armour Shoppe.
  5459 | D:7      | Reached *** piety under Okawaru
  5461 | D:7      | Reached skill level 1 in Invocations
  5791 | D:7      | Found a flagged portal.
  5854 | Bailey   | Entered a bailey
  5859 | Bailey   | Noticed an orc warlord
  5915 | Bailey   | Reached skill level 5 in Dodging
  5968 | Bailey   | Found a runed translucent gate.
  5971 | Bailey   | Found a runed translucent gate.
  5973 | Bailey   | Found a runed translucent gate.
  6188 | Bailey   | Killed an orc warlord
  6188 | Bailey   | Reached **** piety under Okawaru
  6189 | Bailey   | Reached XP level 10. HP: 36/93 MP: 10/10
  6303 | D:7      | Reached XP level 11. HP: 80/99 MP: 11/11
  6701 | D:8      | Found a sand-covered staircase.
  6710 | Ossuary  | Entered an ossuary
  6931 | Ossuary  | Identified a scroll of acquirement
  6933 | Ossuary  | Acquired 1214 gold pieces
  6996 | D:8      | Reached skill level 10 in Fighting
  7179 | D:8      | Found a blossoming altar of Fedhas.
  7471 | D:9      | Reached skill level 15 in Axes
  7580 | D:9      | Reached ***** piety under Okawaru
  7583 | D:9      | Reached skill level 10 in Shields
  7946 | D:9      | Got the Volume of the Amorphous Voyage
  7996 | D:9      | Found an ancient bone altar of Kikubaaqudgha.
  8304 | D:10     | Entered Level 10 of the Dungeon
  8685 | D:10     | Found a shimmering altar of Xom.
  8686 | D:10     | Found a burning altar of Makhleb.
  8837 | D:10     | Found a shimmering blue altar of Sif Muna.
  8917 | D:10     | Found a staircase to the Orcish Mines.
  8924 | Orc:1    | Entered Level 1 of the Orcish Mines
  8998 | Orc:1    | Noticed an orc sorcerer
  9008 | Orc:1    | Killed an orc sorcerer
  9103 | Orc:1    | Identified the +8 broad axe "Bolytok" {vorpal, *Rage rElec
                  | rPois rCorr} (Okawaru gifted it to you on level 1 of the
                  | Orcish Mines)
  9103 | Orc:1    | Received a gift from Okawaru
  9106 | Orc:1    | Noticed an ettin
  9117 | Orc:1    | Killed an ettin
  9118 | Orc:1    | Reached XP level 12. HP: 17/108 MP: 11/14
  9125 | Orc:1    | Reached ****** piety under Okawaru
  9546 | Orc:1    | Found a large runed translucent door.
  9546 | Orc:1    | Found a large runed translucent door.
  9547 | Orc:1    | Noticed Siyfonof's ghost (journeyman MiFi)
  9683 | Orc:1    | Killed Siyfonof's ghost
  9761 | Orc:2    | Entered Level 2 of the Orcish Mines
  9761 | Orc:2    | Found Jafuasyc's Jewellery Shop.
  9897 | Orc:1    | Noticed an orc high priest
  9914 | Orc:1    | Killed an orc high priest
  9915 | Orc:1    | Reached skill level 5 in Invocations
 10110 | Orc:2    | Found a staircase to the Elven Halls.
 10320 | Orc:2    | Found Pygiag Voo's Distillery.
 10339 | Orc:2    | Found Regetux's General Store.
 10530 | Orc:2    | Bought a potion of might for 48 gold pieces
 10530 | Orc:2    | Bought a potion of haste for 120 gold pieces
 10530 | Orc:2    | Bought 2 potions of heal wounds for 120 gold pieces
 10530 | Orc:2    | Bought 2 potions of haste for 240 gold pieces
 10642 | Orc:2    | Found Jaur's Book Emporium.
 10833 | Orc:2    | Found Hathrinu's Assorted Antiques.
 10842 | Orc:2    | Bought a scroll of identify for 66 gold pieces
 10994 | Orc:2    | Noticed an orc high priest
 11002 | Orc:2    | Killed an orc high priest
 11010 | Orc:2    | Received a gift from Okawaru
 11019 | Orc:2    | Noticed an orc high priest
 11025 | Orc:2    | Killed an orc high priest
 11032 | Orc:2    | Reached skill level 10 in Armour
 11040 | Orc:2    | Noticed an orc high priest
 11040 | Orc:2    | Noticed an orc high priest
 11040 | Orc:2    | Noticed an orc high priest
 11043 | Orc:2    | Killed an orc high priest
 11044 | Orc:2    | Noticed an orc high priest
 11044 | Orc:2    | Noticed a demonspawn
 11046 | Orc:2    | Killed an orc high priest
 11075 | Orc:2    | Killed a demonspawn
 11076 | Orc:2    | Reached XP level 13. HP: 16/115 MP: 8/17
 11407 | Orc:2    | Found Hopneeme's Jewellery Boutique.
 11407 | Orc:2    | Found Imuasu's Antique Weapon Shop.
 11407 | Orc:2    | Found a one-way gate leading to the halls of Pandemonium.
 11714 | D:7      | Bought a shimmering chain mail for 228 gold pieces
 11714 | D:7      | Identified the +7 chain mail "Onleiz" {rPois} (You bought
                  | it in a shop on level 7 of the Dungeon)
 11801 | D:11     | Identified the +6 halberd of Due Proportion {vorpal, Int+6}
 12123 | D:11     | Found a staircase to the Lair.
 12467 | D:11     | Identified the +0 pair of boots of Ulausek {-Tele Harm rC+}
                  | (Okawaru gifted it to you on level 11 of the Dungeon)
 12467 | D:11     | Received a gift from Okawaru
 12498 | Lair:1   | Entered Level 1 of the Lair of Beasts
 12777 | Lair:1   | Got the Directory of Gusty Evil Magic
 13821 | Lair:2   | Found a runed translucent door.
 13826 | Lair:2   | Noticed Qyacsuop's ghost (journeyman DsAK)
 13874 | Lair:2   | Killed Qyacsuop's ghost
 14321 | Lair:3   | Found a hole to the Spider Nest.
 14777 | Lair:3   | Found a staircase to the Shoals.
 15061 | Lair:4   | Reached XP level 14. HP: 66/122 MP: 19/19
 15429 | Lair:4   | Received a gift from Okawaru
 15877 | Lair:5   | Entered Level 5 of the Lair of Beasts
 16479 | Lair:5   | Reached skill level 15 in Shields
 16522 | Lair:5   | Reached skill level 10 in Invocations
 16923 | Lair:5   | Found a viscous altar of Jiyva.
 16923 | Lair:5   | Found a staircase to the Slime Pits.
 17291 | D:12     | Found Dollexke's Antique Weapon Emporium.
 17344 | D:12     | Found Udoetsemem's Weapon Shop.
 17378 | D:12     | Found Qinn's Distillery.
 17518 | D:12     | Found Ruuxzer's Distillery.
 17525 | D:12     | Bought a potion of resistance for 120 gold pieces
 17525 | D:12     | Bought a potion of haste for 120 gold pieces
 17525 | D:12     | Bought a potion of magic for 96 gold pieces
 17525 | D:12     | Bought a potion of ambrosia for 96 gold pieces
 17525 | D:12     | Bought a potion of heal wounds for 60 gold pieces
 17738 | D:12     | Identified the +4 troll leather armour of Classification
                  | {rC+ Regen+ rCorr Dex+2} (Okawaru gifted it to you on level
                  | 12 of the Dungeon)
 17738 | D:12     | Received a gift from Okawaru
 17767 | D:12     | Found Tejalu's General Store.
 17787 | D:12     | Noticed Nergalle
 17797 | D:12     | Killed Nergalle
 18223 | D:13     | Found a gate to the Vaults.
 18223 | D:13     | Noticed an ironbound preserver
 18232 | D:13     | Reached XP level 15. HP: 134/134 MP: 21/21
 18235 | D:13     | Reached skill level 10 in Dodging
 19212 | D:14     | Noticed Rupert
 19239 | D:14     | Killed Rupert
 19239 | D:14     | Received a gift from Okawaru
 19673 | D:14     | Received a gift from Okawaru
 20047 | D:15     | Entered Level 15 of the Dungeon
 20104 | D:15     | Found a gate leading to a gauntlet.
 20134 | Gauntlet | Entered a Gauntlet
 20134 | Gauntlet | Found a transporter.
 20183 | Gauntlet | Found a large runed translucent door.
 20184 | Gauntlet | Found a large runed translucent door.
 20185 | Gauntlet | Found a large runed translucent door.
 20185 | Gauntlet | Found a large runed translucent door.
 20185 | Gauntlet | Found a runed translucent door.
 20185 | Gauntlet | Found a runed translucent door.
 20186 | Gauntlet | Found a large runed translucent door.
 20187 | Gauntlet | Found a large runed translucent door.
 20188 | Gauntlet | Found a large runed translucent door.
 20188 | Gauntlet | Found a large runed translucent door.
 20189 | Gauntlet | Found a runed translucent gate.
 20189 | Gauntlet | Found a runed translucent gate.
 20189 | Gauntlet | Found a runed translucent gate.
 20191 | Gauntlet | Found a transporter.
 20200 | Gauntlet | Found a large runed translucent door.
 20200 | Gauntlet | Found a large runed translucent door.
 20201 | Gauntlet | Found a large runed translucent door.
 20202 | Gauntlet | Found a large runed translucent door.
 20206 | Gauntlet | Found a transporter.
 20211 | Gauntlet | Found a transporter.
 20226 | Gauntlet | Found a transporter.
 20245 | Gauntlet | Found a transporter.
 20257 | Gauntlet | Found a transporter.
 20269 | Gauntlet | Found a transporter.
 20281 | Gauntlet | Found a transporter.
 20291 | Gauntlet | Found the amulet of Vitality {RegenMP++ Regen++}
 20293 | Gauntlet | Found a transporter.
 20314 | Gauntlet | Found a transporter.
 20327 | Gauntlet | Found a transporter.
 20329 | Gauntlet | Found a transporter.
 20354 | Gauntlet | Found a transporter.
 20356 | Gauntlet | Found a transporter.
 20372 | Gauntlet | Found a large runed translucent door.
 20372 | Gauntlet | Found a large runed translucent door.
 20373 | Gauntlet | Found a large runed translucent door.
 20374 | Gauntlet | Found a large runed translucent door.
 20376 | Gauntlet | Found a transporter.
 20454 | Gauntlet | Found a transporter.
 20474 | Gauntlet | Found a transporter.
 20854 | Gauntlet | Identified the +2 pair of gloves "Weclarir" {Contam rF++
                  | rCorr Dex+2}
 21114 | D:15     | Received a gift from Okawaru
 21337 | D:15     | Paralysed by an orc sorcerer for 3 turns
 21373 | D:15     | Found a staircase to the Depths.
 21862 | D:15     | Found an ornate altar of the Wu Jian Council.
 21980 | Orc:2    | Bought an amulet of regeneration for 420 gold pieces
 22103 | Spider:1 | Entered Level 1 of the Spider Nest
 22138 | Spider:1 | Reached XP level 16. HP: 146/146 MP: 22/24
 22248 | Spider:1 | Noticed Louise
 22275 | Spider:1 | Killed Louise
 23576 | Spider:2 | Reached skill level 15 in Fighting
 23783 | Spider:2 | Identified the +1 shadow dragon scales of the Thinker
                  | {Contam Str+5 Int+3 Stlth++++} (Okawaru gifted it to you on
                  | level 2 of the Spider Nest)
 23783 | Spider:2 | Received a gift from Okawaru
 23788 | Spider:2 | Identified the +2 cloak of the Slorg {rPois rC++ Str-2
                  | SInv}
 24559 | Arena    | Entered the Arena
 25022 | Spider:4 | Entered Level 4 of the Spider Nest
 25336 | Spider:4 | Reached XP level 17. HP: 148/158 MP: 25/25
 25603 | Spider:4 | Identified the +6 tower shield of Inevitability {+Blink}
                  | (Okawaru gifted it to you on level 4 of the Spider Nest)
 25603 | Spider:4 | Received a gift from Okawaru
 25720 | Spider:4 | Reached skill level 15 in Armour
 25977 | Spider:4 | Got a gossamer rune of Zot
 26357 | Shoals:1 | Entered Level 1 of the Shoals
 26456 | Shoals:1 | Found Ruhet's Mass Market.
 26483 | Shoals:1 | Bought the +8 plate armour of Egalitarianism {rC+++ Regen+
                  | Str-2 Dex-3} for 1701 gold pieces
 26492 | Shoals:1 | Gained mutation: You are frail. (-10% HP) [mutagenic glow]
 27155 | Shoals:2 | Noticed Polyphemus
 27175 | Shoals:2 | Killed Polyphemus
 27178 | Shoals:2 | Identified the +6 glaive of the Witching Wasp {freeze, rN+}
                  | (Okawaru gifted it to you on level 2 of the Shoals)
 27178 | Shoals:2 | Received a gift from Okawaru
 28547 | Shoals:4 | Entered Level 4 of the Shoals
 28592 | Shoals:4 | Paralysed by an air elemental for 1 turns
 28601 | Shoals:4 | Paralysed by an air elemental for 1 turns
 28607 | Shoals:4 | Paralysed by an air elemental for 1 turns
 28622 | Shoals:4 | Identified the +2 hat of the Arena {Fly rC+ SInv} (Okawaru
                  | gifted it to you on level 4 of the Shoals)
 28622 | Shoals:4 | Received a gift from Okawaru
 28667 | Shoals:4 | Reached XP level 18. HP: 154/154 MP: 26/26
 28837 | Shoals:4 | Got a barnacled rune of Zot
 28904 | Shoals:4 | Paralysed by an air elemental for 1 turns
 28906 | Shoals:4 | Paralysed by an air elemental for 1 turns
 29024 | Shoals:4 | Found a blossoming altar of Fedhas.
 29700 | Vaults:1 | Entered Level 1 of the Vaults
 29762 | Arena    | Entered the Arena
 29797 | Vaults:1 | Received a gift from Okawaru
 30016 | Vaults:1 | Identified the +4 mace "Tywak" {vorpal, rF+ rCorr MP-9
                  | SInv} (Okawaru gifted it to you on level 1 of the Vaults)
 30016 | Vaults:1 | Received a gift from Okawaru
 30465 | Vaults:1 | Noticed a lich
 30469 | Vaults:1 | Killed a lich
 30470 | Vaults:1 | Reached skill level 15 in Dodging
 30546 | Vaults:1 | Reached XP level 19. HP: 118/165 MP: 27/27
 30557 | Vaults:1 | Received a gift from Okawaru
 30777 | Vaults:1 | Acquired 681 gold pieces
 30919 | Arena    | Entered the Arena
 30957 | Vaults:2 | Noticed Aizul
 30979 | Vaults:2 | Killed Aizul
 31317 | Vaults:2 | Identified the +9 shadow dragon scales of Vlad {-Cast rElec
                  | rF+ Will+ Stlth++++} (Okawaru gifted it to you on level 2
                  | of the Vaults)
 31317 | Vaults:2 | Received a gift from Okawaru
 31766 | Vaults:2 | Found a staircase to the Crypt.
 31766 | Vaults:2 | Found a basalt altar of Yredelemnul.
 31767 | Vaults:2 | Found an ancient bone altar of Kikubaaqudgha.
 32325 | Arena    | Entered the Arena
 32800 | Vaults:3 | Reached XP level 20. HP: 178/178 MP: 28/28
 33081 | Vaults:3 | Identified the +0 chain mail of Puntofyo {rPois SInv}
                  | (Okawaru gifted it to you on level 3 of the Vaults)
 33081 | Vaults:3 | Received a gift from Okawaru
 33402 | Orc:2    | Bought a scroll of brand weapon for 133 gold pieces
 33402 | Orc:2    | Bought a scroll of enchant armour for 105 gold pieces
 33402 | Orc:2    | Bought a potion of might for 56 gold pieces
 34238 | Vaults:4 | Identified the +8 rapier of Candle {drain, rElec} (Okawaru
                  | gifted it to you on level 4 of the Vaults)
 34238 | Vaults:4 | Received a gift from Okawaru
 34550 | Vaults:4 | Paralysed by a great orb of eyes for 2 turns
 35219 | Depths:1 | Entered Level 1 of the Depths
 35235 | Depths:1 | Found a one-way gate to the infinite horrors of the Abyss.
 35373 | Depths:1 | Received a gift from Okawaru
 35510 | Depths:1 | Found a gateway to Hell.
 35520 | Depths:1 | Found Gozag's Antique Weapon Boutique.
 35547 | Depths:1 | Found Gozag's Assorted Antiques.
 35551 | Depths:1 | Noticed a golden dragon
 35552 | Depths:1 | Found an opulent altar of Gozag.
 35552 | Depths:1 | Found Gozag's Antique Armour Shop.
 35601 | Depths:1 | Reached XP level 21. HP: 101/188 MP: 29/29
 35606 | Depths:1 | Killed a golden dragon
 35613 | Depths:1 | Received a gift from Okawaru
 36154 | Depths:1 | Found a runed translucent door.
 36157 | Depths:1 | Found a radiant altar of Vehumet.
 36157 | Depths:1 | Noticed an ancient lich
 36175 | Depths:1 | Killed an ancient lich
 36207 | Depths:1 | Got Zefamut's Codex of Damage Dealing
 36291 | Depths:1 | Found a runed translucent door.
 36291 | Depths:1 | Noticed a juggernaut
 36291 | Depths:1 | Found the necklace of Bloodlust {*Rage Will++ Int-3 Slay+6}
 36348 | Depths:1 | Noticed a golden dragon
 36380 | Depths:1 | Killed a golden dragon
 36842 | Depths:1 | Killed a juggernaut
 36855 | Depths:1 | Identified the +2 robe "Maqav" {Will+ Int+4 Stlth+}
                  | (Okawaru gifted it to you on level 1 of the Depths)
 36855 | Depths:1 | Received a gift from Okawaru
 36872 | Depths:1 | Identified the +1 scale mail of the Sparrow {rC- Regen+
                  | Str+2}
 36875 | Depths:1 | Identified the ring "Xuepn" {+Blink rElec rN+ Will++ Dex+2}
 36962 | Depths:2 | Found Wecwom's General Store.
 36970 | Depths:2 | Bought a scroll of fear for 40 gold pieces
 37090 | Depths:2 | Noticed a juggernaut
 37108 | Depths:2 | Killed a juggernaut
 37118 | Depths:2 | Noticed a golden dragon
 37236 | Depths:2 | Found a runed translucent gate.
 37236 | Depths:2 | Found a runed translucent gate.
 37236 | Depths:2 | Found a runed translucent gate.
 37239 | Depths:2 | Acquired 500 gold pieces
 37254 | Depths:2 | Noticed a golden dragon
 37898 | Depths:2 | Found a runed translucent gate.
 37898 | Depths:2 | Found a runed translucent gate.
 37898 | Depths:2 | Found a runed translucent gate.
 37945 | Depths:2 | Killed a golden dragon
 37958 | Depths:2 | Killed a golden dragon
 38021 | Depths:2 | Reached XP level 22. HP: 184/199 MP: 30/30
 38227 | Depths:3 | Identified the +2 pair of boots "Hiuziuk" {Slay+2} (Okawaru
                  | gifted it to you on level 3 of the Depths)
 38227 | Depths:3 | Received a gift from Okawaru
 38232 | Depths:3 | Found an opulent altar of Gozag.
 38528 | Depths:3 | Found the ring of the Octopus King
 38550 | Depths:3 | Identified the +10 mace of Kacuej {venom, Contam Dex+7}
 38552 | Depths:3 | Identified a ring of the Octopus King {Wiz HP+2 AC+2 EV+2
                  | SH+2}
 38684 | Depths:3 | Noticed a golden dragon
 38688 | Depths:3 | Noticed Mara
 38698 | Depths:3 | Killed a golden dragon
 38700 | Depths:3 | Noticed greasedhog's illusion
 38712 | Depths:3 | Killed Mara
 39588 | Depths:4 | Entered Level 4 of the Depths
 39681 | Depths:4 | Noticed a caustic shrike
 39723 | Depths:4 | Noticed a caustic shrike
 39734 | Depths:3 | Killed a caustic shrike
 39922 | Depths:4 | Killed a caustic shrike
 39925 | Depths:4 | Noticed a caustic shrike
 39934 | Depths:4 | Identified the +3 broad axe "Quef" {elec, rElec rF++ rN+
                  | Stlth-} (Okawaru gifted it to you on level 4 of the Depths)
 39934 | Depths:4 | Received a gift from Okawaru
 39943 | Depths:4 | Killed a caustic shrike
 40125 | Depths:4 | Found a runed translucent gate.
 40126 | Depths:4 | Found a runed translucent gate.
 40191 | Depths:4 | Noticed a golden dragon
 40204 | Depths:4 | Killed a golden dragon
 40277 | Depths:4 | Found a gate to the Realm of Zot.
 40299 | Depths:4 | Identified the +0 tower shield of Darkness {rPois SInv}
                  | (Okawaru gifted it to you on level 4 of the Depths)
 40299 | Depths:4 | Received a gift from Okawaru
 40386 | Depths:4 | Found a runed translucent gate.
 40434 | Depths:4 | Found a one-way gateway to a ziggurat.
 40543 | Depths:4 | Found Hewu's Assorted Antiques.
 40547 | Depths:4 | Bought a scroll of teleportation for 84 gold pieces
 40715 | Depths:4 | Reached XP level 23. HP: 203/210 MP: 25/31
 40947 | Elf:1    | Entered Level 1 of the Elven Halls
 42339 | Elf:2    | Paralysed by an air elemental for 1 turns
 42495 | Elf:2    | Found a runed translucent gate.
 42495 | Elf:2    | Found a runed translucent gate.
 42495 | Elf:2    | Found a runed translucent gate.
 42497 | Elf:2    | Identified the +0 pair of boots "Qasotenuj" {Rampage Str+4}
                  | (Okawaru gifted it to you on level 2 of the Elven Halls)
 42497 | Elf:2    | Received a gift from Okawaru
 42886 | Elf:3    | Entered Level 3 of the Elven Halls
 43251 | Elf:3    | Got the Precepts of Gusty Variation
 43262 | Elf:3    | Got the Spellbook of Scorched Iniquitous Secrets
 43267 | Elf:3    | Identified the +6 scale mail of the Yeti {rC+ rN+}
 43280 | Elf:3    | Identified the ring "Poabaz" {Will+ EV+4 Dex+4}
 43323 | Elf:3    | Identified the ring "Dourhuv" {rCorr Str+4 SInv}
 43331 | Elf:3    | Identified the +8 broad axe of Big Damage {elec, rF+ Int+3
                  | Dex+3}
 43385 | Elf:3    | Identified the +3 ring mail of Ycyfo {Int+3 Dex+4}
 43396 | Elf:3    | Identified the ring of Yfrot {Wiz rC+}
 43407 | Elf:3    | Identified the ring "Muvuza Muah" {Ice Str+5}
 43416 | Elf:3    | Identified the ring of Gyefe {Wiz Int+6}
 43424 | Elf:3    | Identified the +8 falchion "Wugro Bif" {vorpal, Drain Fly
                  | rElec rN++ SInv}
 43865 | Elf:2    | Found a radiant altar of Vehumet.
 44262 | Vaults:5 | Entered Level 5 of the Vaults
 44272 | Vaults:5 | Identified the +2 hat of Zuirust {-Tele Harm Will++ Str+2}
                  | (Okawaru gifted it to you on level 5 of the Vaults)
 44272 | Vaults:5 | Received a gift from Okawaru
 44279 | Vaults:5 | Reached XP level 24. HP: 173/222 MP: 26/31
 44289 | Vaults:5 | Noticed a dread lich
 44312 | Vaults:5 | Killed a dread lich
 44335 | Vaults:5 | Reached skill level 27 in Shields
 44464 | Vaults:5 | Reached skill level 27 in Fighting
 44523 | Vaults:5 | Identified the +4 mace "Jelugot" {flame, Contam rElec rF+
                  | Str+10}
 44523 | Vaults:5 | Identified the ring "Suqaerri" {Fly rPois rF+ rCorr Stlth+}
 44607 | Vaults:5 | Got a silver rune of Zot
 44653 | Vaults:5 | Identified the +4 troll leather armour of Unreason {rF+
                  | Regen+}
 44663 | Vaults:5 | Identified the +2 scale mail of Lethargy {Dex+4}
 44738 | Vaults:5 | Identified the +3 ring mail "Axuoniegh" {rN+ rCorr Dex+4}
 44811 | Vaults:5 | Received a gift from Okawaru
 44871 | Vaults:5 | Identified the +3 leather armour "Onifrixt" {Regen+ Str+4}
 45343 | Vaults:5 | Noticed a dread lich
 45355 | Vaults:5 | Killed a dread lich
 45451 | Vaults:5 | Identified the +1 pair of gloves of Wu Jian's Condemnation
                  | {rN+}
 45490 | Vaults:5 | Found the +3 pair of seven-league boots {Rampage+∞}
 46201 | Zot:1    | Entered Level 1 of the Realm of Zot
 47059 | Zot:1    | Identified the +0 pair of gloves of Lesser Demons {-Tele
                  | rElec Str+4 Int+2} (Okawaru gifted it to you on level 1 of
                  | the Realm of Zot)
 47059 | Zot:1    | Received a gift from Okawaru
 47060 | Zot:1    | Reached skill level 1 in Ranged Weapons
 47212 | Zot:1    | Found a runed translucent gate.
 47213 | Zot:1    | Found a runed translucent gate.
 47215 | Zot:1    | Found a runed translucent gate.
 47217 | Zot:1    | Noticed Joggorr's ghost (veteran OgBe)
 47264 | Zot:1    | Killed Joggorr's ghost
 47265 | Zot:1    | Reached skill level 27 in Armour
 47364 | Zot:1    | Reached XP level 25. HP: 228/231 MP: 31/31
 47365 | Zot:1    | Identified the +4 arbalest of Gozag {freeze, rPois rC+ rN+}
 47408 | Zot:1    | Reached skill level 1 in Evocations
 48068 | Zot:2    | Noticed a dread lich
 48068 | Zot:2    | Noticed a dread lich
 48080 | Zot:2    | Noticed a Killer Klown
 48083 | Zot:2    | Found a transporter.
 48089 | Zot:2    | Noticed Paroid's ghost (veteran MeSu)
 48093 | Zot:2    | Noticed a Killer Klown
 48212 | Zot:2    | Identified the +1 plate armour of the Zebra {-Cast Str+4
                  | Slay+6}
 48220 | Zot:2    | Found a transporter.
 48363 | Zot:2    | Reached skill level 5 in Ranged Weapons
 49052 | Zot:3    | Identified the ring of Dobet {Fly rF+ Will- Int+8}
 49580 | Zot:3    | Noticed an orb of fire
 49588 | Zot:3    | Gained mutation: You are clumsy. (Dex -2) [an orb of fire]
 49597 | Zot:3    | Killed an orb of fire
 49597 | Zot:3    | Identified the +1 plate armour "Vuamazaom" {Int+4} (Okawaru
                  | gifted it to you on level 3 of the Realm of Zot)
 49597 | Zot:3    | Received a gift from Okawaru
 49698 | Zot:3    | Identified the ring of Gikak {Ice *Slow rElec Stlth+}
 49698 | Zot:3    | Noticed Josephina
 49707 | Zot:3    | Reached skill level 5 in Evocations
 49720 | Zot:3    | Killed Josephina
 50493 | Zot:4    | Noticed Parghit
 50528 | Zot:4    | Killed Parghit
 51483 | Slime:1  | Entered Level 1 of the Pits of Slime
 52200 | Slime:2  | Received a gift from Okawaru
 52300 | Slime:3  | Gained mutation: You are dopey. (Int -2) [a shining eye]
 52427 | Slime:2  | Reached XP level 26. HP: 233/239 MP: 32/32
 53099 | Slime:4  | Gained mutation: You do not regenerate when monsters are
                  | visible. [a shining eye]
 53102 | Slime:4  | Gained mutation: Potions are less effective at restoring
                  | your health. [a shining eye]
 53104 | Slime:4  | Lost mutation: You do not regenerate when monsters are
                  | visible. [potion of mutation]
 53104 | Slime:4  | Lost mutation: Potions are less effective at restoring your
                  | health. [potion of mutation]
 53104 | Slime:4  | Gained mutation: You do not regenerate when monsters are
                  | visible. [potion of mutation]
 53104 | Slime:4  | Gained mutation: You occasionally lose the ability to drink
                  | potions when taking damage. [potion of mutation]
 53104 | Slime:4  | Gained mutation: You are partially covered in large bone
                  | plates. (SH +4) [potion of mutation]
 53105 | Slime:4  | Lost mutation: You are clumsy. (Dex -2) [potion of
                  | mutation]
 53105 | Slime:4  | Lost mutation: You are frail. (-10% HP) [potion of
                  | mutation]
 53105 | Slime:4  | Gained mutation: You have a pair of large horns on your
                  | head. [potion of mutation]
 53105 | Slime:4  | Gained mutation: You are strong-willed. (Will+) [potion of
                  | mutation]
 53106 | Slime:4  | Lost mutation: You have a pair of large horns on your head.
                  | [potion of mutation]
 53106 | Slime:4  | Lost mutation: You are partially covered in large bone
                  | plates. (SH +4) [potion of mutation]
 53106 | Slime:4  | Gained mutation: You have hidden genetic potential. [potion
                  | of mutation]
 53106 | Slime:4  | Lost mutation: You are dopey. (Int -2) [potion of mutation]
 53107 | Slime:4  | Lost mutation: You have hidden genetic potential. [potion
                  | of mutation]
 53107 | Slime:4  | Lost mutation: You do not regenerate when monsters are
                  | visible. [potion of mutation]
 53107 | Slime:4  | Lost mutation: You occasionally lose the ability to drink
                  | potions when taking damage. [potion of mutation]
 53107 | Slime:4  | Gained mutation: Your mind is acute. (Int +4, Str/Dex -1)
                  | [potion of mutation]
 53107 | Slime:4  | Gained mutation: You possess an exceptional clarity of
                  | mind. [potion of mutation]
 53609 | Slime:5  | Entered Level 5 of the Pits of Slime
 53686 | Slime:5  | Paralysed by a floating eye for 2 turns
 53747 | Slime:5  | Reached skill level 15 in Invocations
 53795 | Slime:5  | Noticed the Royal Jelly
 53801 | Arena    | Entered the Arena
 53812 | Arena    | Killed the Royal Jelly
 54005 | Slime:5  | Identified the +5 morningstar of Eternal Vigilance {flame,
                  | rElec rF+ Str+3}
 54025 | Slime:5  | Got a slimy rune of Zot
 54049 | Slime:5  | Reached XP level 27. HP: 273/273 MP: 33/34
 54065 | Slime:5  | Identified the +3 short sword of Compulsion {flame, rF+}
 54076 | Slime:5  | Identified the +3 short sword "Suimpa" {vorpal, rF+ Stlth+}
 54505 | Temple   | Fell from the grace of Okawaru
 54505 | Temple   | Became a worshipper of the Shining One
 55453 | Depths:2 | Bought a scroll of summoning for 95 gold pieces
 55638 | Crypt:1  | Entered Level 1 of the Crypt
 55660 | Crypt:1  | Reached * piety under the Shining One
 55725 | Crypt:1  | Reached ** piety under the Shining One
 55860 | Crypt:1  | Reached *** piety under the Shining One
 56312 | Crypt:2  | Reached **** piety under the Shining One
 56488 | Crypt:2  | Reached ***** piety under the Shining One
 56763 | Crypt:2  | Noticed Donald
 56776 | Crypt:2  | Killed Donald
 57159 | Crypt:3  | Entered Level 3 of the Crypt
 57164 | Crypt:3  | Reached ****** piety under the Shining One
 57338 | Vaults:5 | Identified a +9 broad axe of holy wrath (a +8 broad axe of
                  | flaming blessed by the Shining One)
 57338 | Vaults:5 | Received a gift from the Shining One
 57668 | Crypt:3  | Noticed Grunn
 57688 | Crypt:3  | Killed Grunn
 57703 | Crypt:3  | Noticed Margery
 57716 | Crypt:3  | Noticed an ancient lich
 57725 | Crypt:3  | Killed Margery
 57736 | Crypt:3  | Killed an ancient lich
 58128 | Crypt:3  | Found a staircase to the Tomb.
 58141 | Crypt:3  | Identified the +7 short sword "Gevvat" {speed, Will+}
 58301 | Crypt:3  | Found an ancient bone altar of Kikubaaqudgha.
 58834 | Tomb:1   | Entered Level 1 of the Tomb of the Ancients
 59336 | Tomb:1   | Paralysed by a Zot trap for 4 turns
 59342 | Tomb:1   | Reached skill level 10 in Evocations
 59725 | Tomb:1   | Was forgiven by Okawaru
 59770 | Tomb:2   | Noticed a royal mummy
 59771 | Tomb:2   | Noticed a royal mummy
 59778 | Tomb:2   | Noticed a royal mummy
 59778 | Tomb:2   | Noticed a royal mummy
 59780 | Tomb:2   | Killed a royal mummy
 59780 | Tomb:2   | Noticed a royal mummy
 59826 | Tomb:2   | Killed a royal mummy
 59832 | Tomb:2   | Killed a royal mummy
 59858 | Tomb:2   | Killed a royal mummy
 59859 | Tomb:2   | Lost mutation: Your mind is acute. (Int +4, Str/Dex -1)
                  | [mutagenic glow]
 59871 | Tomb:2   | Gained mutation: Your magical capacity is low. (-10% MP)
                  | [mutagenic glow]
 59877 | Tomb:2   | Killed a royal mummy
 59879 | Tomb:2   | Gained mutation: You are dopey. (Int -2) [mutagenic glow]
 59898 | Tomb:2   | Gained mutation: You are frail. (-10% HP) [mutagenic glow]
 59924 | Tomb:2   | Gained mutation: Your spells are a little easier to cast,
                  | but a little less powerful. [mutagenic glow]
 59934 | Tomb:2   | Gained mutation: Your magical capacity is very low. (-20%
                  | MP) [mutagenic glow]
 60151 | Tomb:2   | Identified the +0 chain mail of the Pirate {Str+7}
 60426 | Tomb:1   | Noticed a royal mummy
 60429 | Tomb:1   | Noticed a royal mummy
 60430 | Tomb:1   | Noticed a royal mummy
 60433 | Tomb:1   | Noticed a royal mummy
 60435 | Tomb:1   | Noticed a royal mummy
 60441 | Tomb:1   | Killed a royal mummy
 60442 | Tomb:1   | Killed a royal mummy
 60444 | Tomb:1   | Noticed a royal mummy
 60444 | Tomb:1   | Killed a royal mummy
 60471 | Tomb:1   | Killed a royal mummy
 60479 | Tomb:1   | Killed a royal mummy
 60480 | Tomb:1   | Killed a royal mummy
 60531 | Tomb:1   | Noticed a royal mummy
 60543 | Tomb:1   | Killed a royal mummy
 60681 | Tomb:1   | Noticed a royal mummy
 60686 | Tomb:1   | Killed a royal mummy
 60692 | Tomb:1   | Noticed a royal mummy
 60702 | Tomb:1   | Killed a royal mummy
 60708 | Tomb:1   | Noticed a royal mummy
 60717 | Tomb:1   | Killed a royal mummy
 60838 | Tomb:1   | Noticed a royal mummy
 60847 | Tomb:1   | Killed a royal mummy
 60850 | Tomb:1   | Noticed a royal mummy
 60856 | Tomb:1   | Killed a royal mummy
 60858 | Tomb:1   | Noticed a royal mummy
 60867 | Tomb:1   | Killed a royal mummy
 60868 | Tomb:1   | Noticed a royal mummy
 60870 | Tomb:1   | Noticed a royal mummy
 60870 | Tomb:1   | Noticed a royal mummy
 60942 | Tomb:1   | Killed a royal mummy
 60953 | Tomb:1   | Killed a royal mummy
 60959 | Tomb:1   | Killed a royal mummy
 61092 | Tomb:1   | Noticed a royal mummy
 61099 | Tomb:1   | Killed a royal mummy
 61151 | Tomb:1   | Noticed a royal mummy
 61157 | Tomb:1   | Killed a royal mummy
 61197 | Tomb:1   | Noticed a royal mummy
 61203 | Tomb:1   | Noticed a royal mummy
 61208 | Tomb:1   | Killed a royal mummy
 61210 | Tomb:1   | Noticed a royal mummy
 61221 | Tomb:1   | Killed a royal mummy
 61230 | Tomb:1   | Noticed a royal mummy
 61231 | Tomb:1   | Killed a royal mummy
 61240 | Tomb:1   | Killed a royal mummy
 61422 | Tomb:1   | Noticed a royal mummy
 61424 | Tomb:1   | Noticed a royal mummy
 61424 | Tomb:1   | Noticed a royal mummy
 61424 | Tomb:1   | Noticed a royal mummy
 61425 | Tomb:1   | Noticed a royal mummy
 61430 | Tomb:1   | Killed a royal mummy
 61432 | Tomb:1   | Killed a royal mummy
 61432 | Tomb:1   | Killed a royal mummy
 61437 | Tomb:1   | Killed a royal mummy
 61441 | Tomb:1   | Killed a royal mummy
 61606 | Tomb:2   | Gained mutation: You are very dopey. (Int -4) [mutagenic
                  | glow]
 61687 | Tomb:2   | Upgraded the game from 0.30-a0-272-gf98c3da03f to
                  | 0.30-a0-279-g4b46babb21
 61693 | Tomb:3   | Entered Level 3 of the Tomb of the Ancients
 61706 | Tomb:3   | Noticed Mennas
 61717 | Tomb:3   | Noticed a royal mummy
 61717 | Tomb:3   | Noticed a royal mummy
 61721 | Tomb:3   | Noticed a royal mummy
 61728 | Tomb:3   | Noticed a royal mummy
 61728 | Tomb:3   | Noticed a royal mummy
 61735 | Tomb:3   | Noticed a royal mummy
 61737 | Tomb:3   | Killed a royal mummy
 61752 | Tomb:3   | HP: 7/245 [royal mummy/divine providence (11)]
 61757 | Tomb:3   | Killed Mennas
 61771 | Tomb:3   | Noticed a royal mummy
 61771 | Tomb:3   | Noticed a royal mummy
 61772 | Tomb:3   | Noticed a royal mummy
 61774 | Tomb:3   | HP: 12/245 [royal mummy/divine providence (8)]
 61785 | Tomb:3   | Killed a royal mummy
 61788 | Tomb:3   | Killed a royal mummy
 61789 | Tomb:3   | Killed a royal mummy
 61794 | Tomb:3   | Killed a royal mummy
 61795 | Tomb:3   | Killed by a guardian mummy's death curse

Illustrated notes

Levels and vault maps discovered:
D:1:      dpeg_arrival_triangle_fractal, layout_basic, minmay_pentomino_x4
D:2:      layout_loops_ring, shapermc_ecumenical_altar_mp_urbaneastern
D:3:      layout_rooms, gammafunk_ghost_grave, nicolae_elevator_lobby_plus,
          uniq_crazy_yiuf_cottage
D:4:      layout_loops_corners, minmay_temple_entry_glassed_door, serial_glass,
          glass_columns_a, glass_columns_a, glass_columns_b, glass_columns_c,
          glass_columns_a, serial_shops, nicolae_shop_waterfront,
          hangedman_minor_gate_pass, uniq_duvessa
D:5:      layout_basic, dancing_weapons_uskayaw, minmay_increasing_density
D:6:      layout_loops_ring, uniq_grinder
D:7:      layout_cave_pools, enter_bailey_8, serial_shops, shop,
          hangedman_decor_points, corexii_corridor_pit
D:8:      layout_rooms, fedhas_altar_fruit_tree,
          lightli_ossuary_entry_decrepit_ruins
D:9:      layout_roguey, mainiacjoe_overflow_24_doors, minmay_quadrilaterals
D:10:     layout_rooms, lemuel_blue_sif_altar,
          grunt_temple_overflow_champion_of_chaos, orc_0_dummy
D:11:     layout_gridville, david_lair_generic
D:12:     layout_basic, serial_shops, nicolae_shop_crystal,
          nicolae_stop_n_shop_1, shop_fountains, shop_fountains, shop_fountains,
          uniq_nergalle
D:13:     layout_stronghold, skrybe_vaults_entry_preservation,
          serial_column_ruins, column_ruins_hut_pillars, column_ruins_open_tiny,
          column_ruins_open_medium, column_ruins_corridor_straight,
          column_ruins_open_tiny, column_ruins_corridor_straight,
          column_ruins_open_small_water
D:14:     nzn_winding_woodlands_medium [nzn_winding_woodlands_5x5_checkerboard,
          nzn_winding_woodlands_5x15_jagged, nzn_winding_woodlands_hourglass,
          nzn_winding_woodlands_5x5_default,
          nzn_winding_woodlands_center_triple_pond,
          nzn_winding_woodlands_5x5_cross,
          nzn_winding_woodlands_5x5_closed_star,
          nzn_winding_woodlands_5x15_sidewinder,
          nzn_winding_woodlands_5x5_open_star], layout_loops_ring, uniq_rupert
D:15:     grunt_enter_depths_magical_seal, layout_loops_ring,
          gauntlet_entry_generic, nzn_wu_jian_contemplation
Temple:   nicolae_temple_superstar
Lair:1:   layout_cave_pods, portal_ice_cave_entry_pillars_1
Lair:2:   layout_big_grid, gammafunk_ghost_grave, serial_bayou_pond_c
Lair:3:   layout_regular_city, elwin_shoals_entry_rooms,
          spider_nest_entry_web_field, st_stairs_6
Lair:4:   layout_roguey, grunt_megastairs_2, infiniplex_staircase_pool
Lair:5:   hangedman_lair_tendril_chambers, layout_big_grid,
          dpeg_slime_entry_enclosed, chequers_serial_rivers_small_3
Shoals:1: layout_shoals, minmay_shop_mass
Shoals:2: layout_shoals, uniq_polyphemus
Shoals:3: layout_shoals, nicolae_shoals_lost_giant_baths,
          nicolae_shoals_stone_sculpture_thing, nicolae_shoals_water_booths
Shoals:4: shoals_end_hellmonk_storm_palace [storm_palace_center_circular,
          storm_palace_corner_pillars, storm_palace_corner_altar,
          storm_palace_corner_pillars, storm_palace_corner_reverse_hut]
Spider:1: layout_chambers, nicolae_spider_claw_tunnel, uniq_louise
Spider:2: layout_spider_delve, hangedman_spider_tarantella_strand
Spider:3: nicolae_spider_mines_1
Spider:4: hellmonk_spider_rune_bug_friends, einodemon_crawler_minivault
Slime:1:  layout_caves
Slime:2:  layout_caves
Slime:3:  layout_caves
Slime:4:  layout_caves
Slime:5
Orc:1:    layout_caves, ebering_ghost_disaster_area, mines1_david
Orc:2:    pf_orc_diabolical, layout_caves, serial_shops, shop,
          nicolae_shop_window_shopping, shop
Elf:1:    elf_arrival_001, layout_gridlike, hangedman_elven_crosses_minicolossus
Elf:2:    nicolae_elf_blades_crystal_corner, layout_loops_cross,
          lemuel_upstairs_altar
Elf:3:    minmay_elf_hall_quartered_circle, layout_loops_cross
Vaults:1: nicolae_vaults_mini_display_case, v_misc_12, vaults_dpeg_cross,
          v_misc_1, vaults_room_fancy_cross, nicolae_vaults_circle_grid_a,
          dpeg_vaults_monster_box, ontoclasm_vaults_ligature,
          hangedman_vaults_stitches, nicolae_vaults_windows_and_doors_thing,
          nicolae_vaults_little_squares_5, v_misc_13, st_cross,
          layout_vaults_omnibox
Vaults:2: nicolae_vaults_little_squares_6, vaults_mumra_minichess_inversion,
          st_star, minmay_crypt_entry_necro_gods, nicolae_vaults_theta,
          nicolae_vaults_big_ls, vaults_mumra_lcd, vaults_room_door_hall,
          layout_vaults_quadrants, uniq_aizul
Vaults:3: nicolae_vaults_rhombus_7, vaults_standard_mumra_enter_the_diamond,
          vaults_room_grunt_arrival_checkpoint, vaults_dpeg_spiral,
          grunt_vaults_diagonal, v_misc_24, v_misc_27, v_misc_4,
          nicolae_vaults_little_squares_6, hangedman_vaults_locks,
          nicolae_vaults_little_squares_2, hangedman_vaults_stream,
          nicolae_vaults_specimen_jars, nicolae_vaults_rhombus_6,
          layout_vaults_ring
Vaults:4: nicolae_vaults_murderbox, hangedman_vaults_cutoff, v_misc_28,
          v_rooms_2, vaults_room_large_hall, v_misc_2, vaults_room_hallway,
          nicolae_vaults_little_ls, hangedman_vaults_maws,
          nicolae_vaults_inception_statues, nicolae_vaults_little_squares_2,
          vaults_room_fancy_cross, v_misc_5, v_misc_13, vaults_dpeg_hooks,
          layout_vaults_maze_bifur
Vaults:5
Crypt:1:  layout_rooms
Crypt:2:  cheibrodos_crypt_draghalla, layout_regular_city, lemuel_elevator,
          uniq_donald
Crypt:3:  cryptofortress_bobbens, uniq_grunn, uniq_margery
Tomb:1
Tomb:2
Tomb:3:   uniq_mennas
Depths:1: kennysheep_gozag_temple, layout_basic, chequers_serial_rivers_large_b,
          grunt_metal_band, hangedman_abyss_entry_splay,
          grunt_pan_entry_in_and_out, minmay_st_funbox,
          grunt_absolute_annihilation
Depths:2: kennysheep_treasure_stockpile, layout_twisted_cross,
          rand_demon_pan_entry_4, hell_entry, serial_bayou_pond_b,
          minmay_shop_star, infiniplex_staircase_pool_2
Depths:3: grunt_x_marks_the_spot, layout_cave_shapes, abyss_entry,
          grunt_pan_entry_zigzag, nicolae_gozag_seed_capital, hell_entry,
          uniq_mara
Depths:4: grunt_zot_entry_hairpin, layout_cave_shapes, enter_ziggurat_c,
          nicolae_figureground_sparkle, hangedman_coc_ice_floe, serial_shops,
          nicolae_shop_stone, pandoras_box_mu
Zot:1:    layout_basic, ebering_ghost_rock_garden
Zot:2:    layout_basic, gammafunk_ghost_abyssal_escape
Zot:3:    minmay_elemental_castle, layout_basic, st_small_dragon_hoard_1,
          uniq_josephina
Zot:4:    layout_basic, uniq_parghit

Skill      XL: |  1  2  3  4  5  6  7  8  9 10 11 12 13 14 15 16 17 18 19 20 21 22 23 24 25 26 27 |
---------------+----------------------------------------------------------------------------------+-----
Fighting       | 4 5 6 8 9 10 12 14 16 18 19 21 22 24 25 26 27 | 27.0
Armour         | 4 5 8 10 12 14 15 17 19 20 22 24 27 | 27.0
Axes           | 3 4 5 6 7 9 14 15 16 17 18 | 18.0
Shields        | 4 5 6 8 9 11 12 14 15 16 18 19 21 22 24 25 26 27 | 27.0
Dodging        | 1 2 3 4 5 7 9 10 11 13 15 18 20 21 25 | 25.4
Invocations    | 2 4 6 8 10 12 14 16 20 | 20.5
Ranged Weapons | 3 8 |  8.2
Evocations     | 6 13 | 13.5

Action                   |  1- 3 |  4- 6 |  7- 9 | 10-12 | 13-15 | 16-18 | 19-21 | 22-24 | 25-27 || total
-------------------------+-------+-------+-------+-------+-------+-------+-------+-------+-------++-------
Melee: War axe           |    72 |    96 |   269 |       |       |       |       |       |       ||   437
       Headbutt          |     6 |    14 |    55 |   127 |   240 |   342 |   401 |   403 |   853 ||  2441
       Broad axe         |       |       |       |   528 |   884 |  1230 |  1289 |  1294 |  2060 ||  7285
       Hand axe          |       |       |       |       |    25 |       |       |       |       ||    25
 Fire: Hand crossbow     |       |       |       |       |       |       |       |       |     6 ||     6
Throw: Throwing net      |       |       |       |       |       |       |       |       |     1 ||     1
Invok: Heroism           |       |       |       |     6 |     3 |     9 |     5 |     5 |     1 ||    29
       Finesse           |       |       |       |     4 |     2 |     7 |     5 |     5 |     4 ||    27
       Duel              |       |       |       |       |       |     2 |     2 |       |     1 ||     5
       Cleansing Flame   |       |       |       |       |       |       |       |       |    23 ||    23
       Summon Divine War |       |       |       |       |       |       |       |       |    10 ||    10
       Divine Shield     |       |       |       |       |       |       |       |       |     9 ||     9
       Brand Weapon With |       |       |       |       |       |       |       |       |     1 ||     1
Evoke: Wand              |       |       |       |       |       |       |       |       |     5 ||     5
  Use: Scroll            |     2 |     4 |     6 |    13 |    10 |     3 |     4 |     3 |    13 ||    58
       Potion            |       |     1 |     2 |     3 |       |     1 |       |       |    32 ||    39
 Stab: Sleeping          |       |       |       |       |     1 |     1 |       |       |       ||     2
       Distracted        |       |       |       |       |       |     1 |     6 |       |       ||     7
       Fleeing           |       |       |       |       |       |     1 |       |       |       ||     1
       Confused          |       |       |       |       |       |       |       |       |     1 ||     1
       Held in net/web   |       |       |       |       |       |       |       |       |     2 ||     2
Armor: Scale mail        |    23 |    46 |    78 |   103 |       |       |       |       |       ||   250
       Chain mail        |       |       |       |       |   197 |   118 |       |       |       ||   315
       Troll leather arm |       |       |       |       |    65 |       |       |       |       ||    65
       Shadow dragon sca |       |       |       |       |       |   133 |       |       |       ||   133
       Plate armour      |       |       |       |       |       |   235 |   299 |   356 |   580 ||  1470
Dodge: Dodged            |    54 |    39 |    63 |   112 |   196 |   366 |   182 |   275 |   534 ||  1821
Block: Buckler           |    19 |     8 |       |       |       |       |       |       |       ||    27
       Tower shield      |       |    38 |   313 |   572 |   894 |   718 |  1247 |  1394 |  2686 ||  7862
       Reflection        |       |       |    12 |    25 |    22 |    10 |    52 |    27 |    61 ||   209
       Kite shield       |       |       |       |       |    53 |   393 |       |       |       ||   446

Table legend: (Time is in decaauts)
 A = Elapsed time spent in this place.
 B = Non-inter-level travel time spent in this place.
 C = Inter-level travel time spent in this place.
 D = Time resting spent in this place.
 E = Time spent auto-exploring this place.
 F = Levels seen in this place.
 G = Mean time per level.
                   A        B        C        D        E       F      G
               +--------+--------+--------+--------+--------+-----+--------+
         Total |  60727 |  53770 |   6957 |   4251 |  36811 |  66 |  920.1 |
       Dungeon |  14818 |  12430 |   2388 |    507 |   9420 |  15 |  987.9 |
        Temple |    143 |     92 |     51 |      0 |     73 |   1 |  143.0 |
          Lair |   5285 |   4552 |    733 |    205 |   3655 |   5 | 1057.0 |
        Shoals |   3100 |   2901 |    199 |     44 |   2168 |   4 |  775.0 |
   Spider Nest |   4079 |   3964 |    115 |     80 |   2969 |   4 | 1019.8 |
    Slime Pits |   2663 |   2537 |    126 |    389 |   1479 |   5 |  532.6 |
  Orcish Mines |   2856 |   2552 |    304 |    723 |   1370 |   2 | 1428.0 |
   Elven Halls |   3374 |   3066 |    308 |    393 |   1856 |   3 | 1124.7 |
        Vaults |   7436 |   5986 |   1450 |     97 |   4304 |   5 | 1487.2 |
         Crypt |   2748 |   2566 |    182 |      0 |   1861 |   3 |  916.0 |
          Tomb |   2869 |   2705 |    164 |   1004 |    625 |   3 |  956.3 |
        Depths |   5855 |   5126 |    729 |    373 |   3472 |   4 | 1463.8 |
           Zot |   4020 |   3818 |    202 |    211 |   2913 |   4 | 1005.0 |
       Ossuary |    240 |    240 |      0 |      0 |    148 |   1 |  240.0 |
        Bailey |    391 |    391 |      0 |      0 |    202 |   1 |  391.0 |
      Gauntlet |    766 |    766 |      0 |    224 |    295 |   1 |  766.0 |
         Arena |     77 |     77 |      0 |      0 |      0 |   5 |   15.4 |
               +--------+--------+--------+--------+--------+-----+--------+

Top non-repeatable levels by time:
  Tomb:1: 2087 daAuts
Depths:3: 1786 daAuts
Vaults:2: 1752 daAuts
Depths:1: 1722 daAuts
   Orc:2: 1667 daAuts
Vaults:3: 1608 daAuts
Vaults:5: 1510 daAuts
   Zot:3: 1452 daAuts
    D:15: 1423 daAuts
Vaults:4: 1396 daAuts
   Elf:1: 1370 daAuts
     D:4: 1350 daAuts
Spider:1: 1320 daAuts
  Lair:5: 1309 daAuts
  Lair:3: 1278 daAuts
